 Dungeon Crawl Stone Soup version 0.28-a0-1233-g92def6a (webtiles) character file.

Game seed: 11431747189013951579

35 WhiteRiverKid the Skirmisher (level 3, -12/36 HPs)
             Began as a Gargoyle Berserker on Dec 23, 2021.
             Was a Believer of Trog.
             Mangled by a gnoll (14 damage)
             ... on level 2 of the Dungeon.
             The game lasted 00:03:23 (2306 turns).

WhiteRiverKid the Skirmisher (Gargoyle Berserker)   Turns: 2306, Time: 00:03:25

Health: -12/36     AC:  5    Str: 22    XL:     3   Next: 33%
Magic:  3/3        EV: 12    Int:  7    God:    Trog [**....]
Gold:   17         SH:  0    Dex:  9    Spells: 2/2 levels left

rFire   . . .      SeeInvis .   a - +0 hand axe
rCold   . . .      Faith    .   (no shield)
rNeg    + . .      Spirit   .   b - +0 animal skin
rPois   ∞          Reflect  .   (no helmet)
rElec   +          Harm     .   (no cloak)
rCorr   .          Rampage  .   (no gloves)
Will    .....                   (no boots)
Stlth   ..........              (no amulet)
HPRegen 0.12/turn               (no ring)
MPRegen 0.08/turn               (no ring)

@: berserking, very quick
A: sickness immunity, AC +3, negative energy resistance 1, electricity
resistance, torment resistance 1, petrification resistance
a: Renounce Religion, Berserk, Trog's Hand


You were on level 2 of the Dungeon.
You worshipped Trog.
Trog was pleased with you.
You visited 1 branch of the dungeon, and saw 2 of its levels.

You collected 17 gold pieces.

Inventory:

Hand Weapons
 a - a +0 hand axe (weapon)
Armour
 b - a +0 animal skin (worn)
Scrolls
 d - 2 scrolls of enchant armour {unknown}
 e - a scroll of fog {unknown}
 f - a scroll of immolation {unknown}
Potions
 c - a potion of heal wounds {unknown}
 g - a potion of curing {unknown}
 h - a potion of lignification {unknown}


   Skills:
 + Level 3.8 Fighting
 + Level 3.2 Axes
 + Level 2.3 Armour
 + Level 1.8 Dodging
 + Level 0.6 Stealth


You had 2 spell levels left.
You didn't know any spells.
Your spell library was empty.

Dungeon Overview and Level Annotations

Branches:
Dungeon (2/15)

Altars:


Innate Abilities, Weirdness & Mutations

You are immune to sickness and miasma.
Your stone body is resilient. (AC +3)
You are immune to poison.
You resist negative energy. (rN+)
You are resistant to electric shocks. (rElec)
You are resistant to unholy torment.
You are immune to petrification.


Message History

The gnoll hits you from afar with a +0 spear.
You see here a rat corpse.
You hit the frilled lizard but do no damage.
The frilled lizard misses you.
The gnoll hits you from afar with a +0 spear.
You closely miss the frilled lizard. The frilled lizard barely misses you.
The gnoll barely misses you.
You hit the frilled lizard.
You kill the frilled lizard!
Trog accepts your kill.
You can now call upon Trog for regeneration and willpower.
The gnoll barely misses you. The gnoll completely misses you.
The gnoll hits you with a +0 spear.
You see here a frilled lizard corpse.
The gnoll shouts!
You hit the gnoll.
The gnoll is moderately wounded.
The gnoll hits you from afar with a +0 spear.
The gnoll hits you with a +0 spear.
The rat twitches its whiskers.
You barely miss the gnoll.
The gnoll is moderately wounded.
The gnoll misses you. The gnoll hits you but does no damage.
The rat twitches its whiskers.
A red film seems to cover your vision as you go berserk!
You feel yourself moving faster!
You feel mighty! The gnoll barely misses you. x3
You hit the gnoll.
The gnoll is severely wounded.
The gnoll barely misses you. The gnoll hits you with a +0 spear.
* * * LOW HITPOINT WARNING * * *
The gnoll barely misses you.
The rat twitches its whiskers.
You hit the gnoll.
The gnoll is almost dead.
The gnoll hits you from afar with a +0 spear.
* * * LOW HITPOINT WARNING * * *
The gnoll hits you but does no damage.
An endoplasm comes into view.
The gnoll hits you from afar with a +0 halberd!
You die...

...##.#. ..#.......
...#.##.####.#....... .
.............#......#
r.####g.#.##..........#+##
..................†.....
....#.#######.#.#.#.##
#.####..#.##........#.#...
.......g#†##.####.#.#.#.#.
#.###.l.#@##.##.....#.#.#.
#.###...#g##(####.###.#...
#.......grg..# #.# #.###.
######..J.#### #.# #.###'
#....# #.# #... ###..# #.#
#..P ##.. ... #... #...
#... #.... ##..


You could see 3 gnolls, an endoplasm (wandering) and a rat.

Vanquished Creatures
  A bat (D:1)
  2 endoplasms
  2 giant cockroaches (D:1)
  5 goblins
  A hobgoblin (D:1)
  5 quokkas
  3 ball pythons (D:1)
  5 frilled lizards
  2 kobolds (D:1)
  6 rats
32 creatures vanquished.

Vanquished Creatures (others)
  3 plants (D:1)
3 creatures vanquished.

Grand Total: 35 creatures vanquished

Notes
Turn   | Place    | Note
-------+----------+-------------------------------------------
     0 | D:1      | WhiteRiverKid the Gargoyle Berserker began the quest for
                  | the Orb.
     0 | D:1      | Reached XP level 1. HP: 14/14 MP: 1/1
   367 | D:1      | Reached XP level 2. HP: 10/19 MP: 2/2
  1326 | D:1      | Reached XP level 3. HP: 19/24 MP: 3/3
  2231 | D:2      | Found a faded altar of an unknown god.
  2300 | D:2      | Reached ** piety under Trog
  2306 | D:2      | Mangled by a gnoll

Illustrated notes

Levels and vault maps discovered:
D:1:      dpeg_arrival_renting, layout_basic, serial_bayou_ford_a,
          kennysheep_doodads
D:2:      kennysheep_six_static_rooms, layout_basic,
          shapermc_ecumenical_altar_flowoftime, basic_altar, grunt_ministairs_14

Skill      XL: |  1  2 |
---------------+-------+-----
Axes           | 3 |  3.2
Fighting       | |  3.8
Armour         | |  2.3
Dodging        | |  1.8
Stealth        | |  0.6

Action                   || total
-------------------------++-------
Melee: Hand axe          ||   117
Invok: Berserk           ||     1
Armor: Animal skin       ||    25
Dodge: Dodged            ||    75

Table legend: (Time is in decaauts)
 A = Elapsed time spent in this place.
 B = Non-inter-level travel time spent in this place.
 C = Inter-level travel time spent in this place.
 D = Time resting spent in this place.
 E = Time spent auto-exploring this place.
 F = Levels seen in this place.
 G = Mean time per level.
                   A        B        C        D        E       F      G
               +--------+--------+--------+--------+--------+-----+--------+
         Total |   2335 |   2327 |      8 |   1355 |    678 |   2 | 1167.5 |
       Dungeon |   2335 |   2327 |      8 |   1355 |    678 |   2 | 1167.5 |
               +--------+--------+--------+--------+--------+-----+--------+

Top non-repeatable levels by time:
     D:1: 2234 daAuts
     D:2: 101 daAuts
